 Dungeon Crawl Stone Soup version 0.28.0-53-g5a82cb258f (webtiles) character file.

Game seed: 13590294330068298747

69 jjjjhere the Cudgeller (level 4, -1/37 HPs)
             Began as a Minotaur Hunter on Oct 22, 2022.
             Was an Initiate of Gozag.
             Slain by Grinder (3 damage)
             ... while paralysed by Grinder
             ... on level 3 of the Dungeon.
             The game lasted 00:02:09 (1938 turns).

jjjjhere the Cudgeller (Minotaur Hunter)            Turns: 1938, Time: 00:02:10

Health: -1/37      AC:  8    Str: 19    XL:     4   Next: 2%
Magic:  3/3        EV:  2    Int:  8    God:    Gozag
Gold:   114        SH:  0    Dex: 10    Spells: 3/3 levels left

rFire   . . .      SeeInvis .   m - +2 falchion "Kykyn" {venom, rPois Stlth+}
rCold   . . .      Faith    .   (no shield)
rNeg    . . .      Spirit   .   f - +0 chain mail
rPois   +          Reflect  .   (helmet restricted)
rElec   .          Harm     .   (no cloak)
rCorr   .          Rampage  .   (no gloves)
Will    .....                   (no boots)
Stlth   ..........              (no amulet)
HPRegen 0.12/turn               (no ring)
MPRegen 0.08/turn               (no ring)

@: paralysed
A: horns 2, retaliatory headbutt
a: Renounce Religion, Potion Petition, Call Merchant, Bribe Branch


You were on level 3 of the Dungeon.
You worshipped Gozag.
Gozag was aware of your devotion.
You visited 1 branch of the dungeon, and saw 3 of its levels.

You collected 114 gold pieces.

Inventory:

Hand Weapons
 a - a +0 short sword
 e - a +0 mace
 m - the +2 falchion "Kykyn" (weapon) {venom, rPois Stlth+}
   (You found it on level 2 of the Dungeon)

   It poisons the flesh of those it strikes.
   rPois:     It protects you from poison.
   Stlth:     It makes you more stealthy.
Missiles
 c - 6 javelins (quivered)
 d - 2 throwing nets
 h - 5 datura-tipped darts
 n - 4 poisoned darts
Armour
 b - a +0 leather armour
 f - a +0 chain mail (worn)
Wands
 p - a wand of flame (4)
Scrolls
 g - a scroll of enchant armour {unknown}
 i - a scroll of holy word {unknown}
 k - a scroll of blinking {unknown}
 l - 3 scrolls of identify {unknown}
Potions
 j - a potion of resistance {unknown}
 o - a potion of mutation {unknown}


   Skills:
 - Level 2.4 Fighting
 + Level 4.5 Maces & Flails
 - Level 4.0 Throwing
 - Level 2.1 Dodging
 - Level 0.7 Stealth


You had 3 spell levels left.
You didn't know any spells.
Your spell library contained the following spells:

 Spells                   Type           Power      Damage    Failure   Level
 Blink                    Tloc           0%         N/A       100%        2
 Lesser Beckoning         Tloc           0%         N/A       100%        3
 Manifold Assault         Tloc           0%         N/A       100%        5


Dungeon Overview and Level Annotations

Branches:
Dungeon (3/15)

Altars:
Gozag

Shops:
D:1 ?

Annotations:
D:3 Grinder


Innate Abilities, Weirdness & Mutations

You have a pair of horns on your head.
You reflexively headbutt those who attack you in melee.


Message History

There is a stone staircase leading up here.
You climb upwards.
There is a stone staircase leading down here.
Unknown command.
You start resting.
HP restored.
You climb downwards.
Level annotation: Grinder
There is a stone staircase leading up here.
Grinder hits you.
You writhe in agony.
You barely miss Grinder. You headbutt Grinder.
Grinder is lightly wounded.
Grinder hits you but does no damage.
You closely miss Grinder. You headbutt Grinder.
Grinder is moderately wounded.
Grinder hits you but does no damage. Grinder barely misses you.
You hit Grinder.
Grinder is heavily wounded.
Grinder hits you but does no damage.
You hit Grinder.
Grinder is poisoned.
Your headbutt misses Grinder.
Grinder is severely wounded.
Grinder hits you.
You writhe in agony.
You completely miss Grinder.
Grinder is severely wounded.
Grinder gestures at you. Pain shoots through your body!
Grinder barely misses you.
You barely miss Grinder. You headbutt Grinder, but do no damage.
Grinder is severely wounded.
Grinder closely misses you. You furiously retaliate!
You headbutt Grinder. You hit Grinder.
Grinder is almost dead.
Grinder gestures at you.
You suddenly lose the ability to move!
Grinder hits you.
* * * LOW HITPOINT WARNING * * *
Grinder hits you!
* * * LOW HITPOINT WARNING * * *
You writhe in agony.
You die...
Your body crumbles into a pile of gold.

$ ## $ #.
#.### $
#5@<#
.8....##.#
...##
#...# #
.......
###.#####
.# ##


You could see Grinder (very poisoned).

Vanquished Creatures
  A hound skeleton (D:2)
  A dart slug (D:2)
  7 endoplasms
  2 giant cockroaches (D:2)
  6 goblins
  5 hobgoblins
  3 jackals (D:1)
  A quokka (D:2)
  9 ball pythons
  A bat (D:2)
  2 frilled lizards (D:2)
  4 kobolds
  5 rats
47 creatures vanquished.

Notes
Turn   | Place    | Note
-------+----------+-------------------------------------------
     0 | D:1      | jjjjhere the Minotaur Hunter began the quest for the Orb.
     0 | D:1      | Reached XP level 1. HP: 18/18 MP: 0/0
   180 | D:1      | Reached skill level 1 in Maces & Flails
   276 | D:1      | Reached XP level 2. HP: 23/25 MP: 1/1
   680 | D:1      | Found Vuoth's Magic Scroll Shop.
   994 | D:2      | Reached XP level 3. HP: 23/30 MP: 2/2
  1069 | D:2      | HP: 7/30 [frozen (3)]
  1428 | D:2      | Identified the +2 falchion "Kykyn" {venom, rPois Stlth+}
  1476 | D:2      | Found a faded altar of an unknown god.
  1480 | D:2      | Prayed at the altar of an unknown god.
  1480 | D:2      | Became a worshipper of Gozag Ym Sagoz the Greedy
  1720 | D:2      | Reached XP level 4. HP: 36/37 MP: 3/3
  1833 | D:3      | Noticed Grinder
  1936 | D:3      | Paralysed by Grinder for 4 turns
  1937 | D:3      | HP: 9/37 [Grinder (4)]
  1938 | D:3      | HP: 2/37 [Grinder (7)]
  1938 | D:3      | Slain by Grinder

Illustrated notes

Levels and vault maps discovered:
D:1:      kilobyte_arrival_exit_the_forest, layout_rooms, serial_shops,
          nicolae_shop_crystal
D:2:      layout_basic, chequers_ecumenical_altar_twisty
D:3:      layout_loops_ring, gammafunk_temple_overflow_forgotten,
          nicolae_yredelemnul_corpse_copse, chequers_serial_rivers_micro_b,
          st_stairs_10, minmay_misc_feat_four_crosses, uniq_sigmund,
          uniq_grinder

Skill      XL: |  1  2  3 |
---------------+----------+-----
Maces & Flails | 2 3 4 |  4.5
Fighting       | |  2.4
Throwing       | |  4.0
Dodging        | |  2.1
Stealth        | |  0.7

Action                   |  1- 3 |  4- 6 || total
-------------------------+-------+-------++-------
Melee: Mace              |    77 |       ||    77
       Headbutt          |    16 |     3 ||    19
       Punch             |     2 |       ||     2
       Falchion          |    12 |    14 ||    26
 Stab: Sleeping          |     1 |       ||     1
Armor: Leather armour    |     3 |       ||     3
       Chain mail        |    55 |     6 ||    61
Dodge: Dodged            |    42 |     4 ||    46
